 Dungeon Crawl Stone Soup version 0.27-a0-1322-gfdffb62a71 (webtiles) character file.

Game seed: 9029349243238958792

86 kazelolz the Chopper (level 4, -2/61 HPs)
             Began as a Minotaur Berserker on June 22, 2021.
             Was a Believer of Trog.
             Slain by a black bear (4 damage)
             ... on level 3 of the Dungeon.
             The game lasted 00:01:46 (1682 turns).

kazelolz the Chopper (Minotaur Berserker)           Turns: 1682, Time: 00:01:46

Health: -2/61      AC:  5    Str: 23    XL:     4   Next: 27%
Magic:  3/3        EV: 11    Int:  4    God:    Trog [**....]
Gold:   85         SH:  0    Dex:  9    Spells: 3/3 levels left

rFire    . . .     SeeInvis .   a - +0 hand axe
rCold    . . .     Faith    .   (no shield)
rNeg     . . .     Spirit   .   k - +0 ring mail
rPois    .         Reflect  .   (helmet restricted)
rElec    .         Harm     .   (no cloak)
rCorr    .         Rampage  .   (no gloves)
Will     .....                  (no boots)
Stlth    ..........             (no amulet)
HPRegen  0.20/turn              (no ring)
MPRegen  0.08/turn              (no ring)

@: berserking, very quick
A: horns 2, retaliatory headbutt
a: Renounce Religion, Berserk, Trog's Hand


You were on level 3 of the Dungeon.
You worshipped Trog.
Trog was pleased with you.
You visited 1 branch of the dungeon, and saw 3 of its levels.

You collected 85 gold pieces.

Inventory:

Hand Weapons
 a - a +0 hand axe (weapon)
Armour
 k - a +0 ring mail (worn)
Scrolls
 b - a scroll of immolation {unknown}
 d - 2 scrolls of magic mapping {unknown}
 f - a scroll of fog {unknown}
 g - a scroll of identify {unknown}
 j - a scroll of teleportation {unknown}
Potions
 c - a potion of degeneration {unknown}
 e - 2 potions of might {unknown}
 h - a potion of attraction {unknown}
 i - a potion of resistance {unknown}


   Skills:
 * Level 4.7 Fighting
 + Level 4.9 Axes
 + Level 2.9 Armour
 + Level 2.4 Dodging


You had 3 spell levels left.
You didn't know any spells.
Your spell library was empty.

Dungeon Overview and Level Annotations

Branches:
Dungeon (3/15)

Altars:


Innate Abilities, Weirdness & Mutations

You have a pair of horns on your head.
You reflexively headbutt those who attack you in melee.


Message History

The black bear bites you. The black bear barely misses you.
The black bear claws you but does no damage.
You completely miss the black bear.
The black bear is moderately wounded.
The black bear bites you. The black bear closely misses you. x2
You hit the black bear.
The black bear is heavily wounded.
The black bear bites you but does no damage.
The black bear claws you. x2
You hit the black bear.
The black bear is heavily wounded.
The black bear bites you. The black bear closely misses you.
The black bear claws you.
You are too injured to fight recklessly!
You are too injured to fight recklessly!
You slash the black bear! Your headbutt misses the black bear.
The black bear is severely wounded.
The black bear bites you but does no damage.
The black bear claws you but does no damage. x2
You completely miss the black bear. Your headbutt misses the black bear.
The black bear is severely wounded.
The black bear bites you. The black bear claws you.
* * * LOW HITPOINT WARNING * * *
The black bear claws you.
* * * LOW HITPOINT WARNING * * *
You hit the black bear but do no damage.
The black bear is severely wounded.
The black bear barely misses you. x2
The black bear claws you but does no damage.
You barely miss the black bear. Your headbutt misses the black bear.
The black bear is severely wounded.
The black bear barely misses you. x2; The black bear misses you.
You barely miss the black bear. Your headbutt misses the black bear.
The black bear is severely wounded.
The black bear bites you!
* * * LOW HITPOINT WARNING * * *
The black bear closely misses you. x2
A red film seems to cover your vision as you go berserk!
You feel yourself moving faster!
You feel mighty! The black bear bites you.
You die...

..# #.#
#.#####.#####
#.##........# #
#.##.##.###.#.#
#...#.#.###.#.####
#.##.##..).......#
#.# ######.?####.
#######.# #..#
........# #@(#
#####'### #h...#
##...## #.##.#
##.....## #.# .#
##.......## ... .
#.....<...# ..# ##
+.......<.+ ...
#.........# ....
##.......##


You could see a black bear.

Vanquished Creatures
  Jessica (D:3)
  An adder (D:2)
  2 dart slugs
  8 endoplasms
  A giant cockroach (D:2)
  3 goblins
  3 hobgoblins (D:1)
  A quokka (D:1)
  8 ball pythons
  4 bats
  2 frilled lizards (D:2)
  8 kobolds
  3 rats
45 creatures vanquished.

Notes
Turn   | Place    | Note
-------+----------+-------------------------------------------
     0 | D:1      | kazelolz the Minotaur Berserker began the quest for the
                  | Orb.
     0 | D:1      | Reached XP level 1. HP: 19/19 MP: 0/0
   260 | D:1      | Reached XP level 2. HP: 23/27 MP: 1/1
   980 | D:1      | Found a faded altar of an unknown god.
  1098 | D:1      | Reached XP level 3. HP: 28/33 MP: 2/2
  1152 | D:2      | Reached ** piety under Trog
  1665 | D:3      | Noticed Jessica
  1667 | D:3      | Killed Jessica
  1668 | D:3      | Reached XP level 4. HP: 41/41 MP: 3/3
  1668 | D:3      | Noticed a black bear
  1681 | D:3      | HP: 1/41 [black bear (7)]
  1682 | D:3      | Slain by a black bear

Illustrated notes

Levels and vault maps discovered:
D:1:      dpeg_arrival_stone_temple_mockup, layout_basic, basic_ecumenical_altar
D:2:      layout_basic
D:3:      minmay_roachtagon, layout_loops_corners,
          nicolae_overflow_crystal_walls, serial_shops, shop, minivault_24,
          uniq_jessica, uniq_grinder

Skill      XL: |  1  2 |
---------------+-------+-----
Axes           | 4 |  4.9
Fighting       | 4 |  4.7
Armour         | |  2.9
Dodging        | |  2.4

Action                   |  1- 3 |  4- 6 || total
-------------------------+-------+-------++-------
Melee: Hand axe          |    78 |    10 ||    88
       Headbutt          |    14 |       ||    14
Invok: Berserk           |       |     1 ||     1
Armor: Animal skin       |     9 |       ||     9
       Ring mail         |     8 |    10 ||    18
Dodge: Dodged            |    40 |    13 ||    53

Table legend: (Time is in decaauts)
 A = Elapsed time spent in this place.
 B = Non-inter-level travel time spent in this place.
 C = Inter-level travel time spent in this place.
 D = Time resting spent in this place.
 E = Time spent auto-exploring this place.
 F = Levels seen in this place.
 G = Mean time per level.
                   A        B        C        D        E       F      G
               +--------+--------+--------+--------+--------+-----+--------+
         Total |   1689 |   1675 |     14 |      0 |   1438 |   3 |  563.0 |
       Dungeon |   1689 |   1675 |     14 |      0 |   1438 |   3 |  563.0 |
               +--------+--------+--------+--------+--------+-----+--------+

Top non-repeatable levels by time:
     D:1: 1152 daAuts
     D:2: 498 daAuts
     D:3: 38 daAuts
